 Dungeon Crawl Stone Soup version 0.31-a0-986-g5e6e4ef867 (webtiles) character file.

Game seed: 2065619399625031433

71 wildpjah the Ducker (level 4, -2/34 HPs)
             Began as a Merfolk Gladiator on Nov 21, 2023.
             Succumbed to a gnoll's poison
             ... on level 2 of the Dungeon.
             The game lasted 00:01:37 (788 turns).

wildpjah the Ducker (Merfolk Gladiator)              Turns: 788, Time: 00:01:37

Health: -2/34      AC:  4    Str: 14    XL:     4   Next: 24%
Magic:  4/4        EV: 14    Int:  7    God:
Gold:   32         SH:  0    Dex: 17    Spells: 3/3 levels left

rFire   . . .        a - +0 long sword
rCold   . . .        (no shield)
rNeg    . . .        b - +0 leather armour
rPois   .            c - +0 helmet
rElec   .            (no cloak)
rCorr   +            (no gloves)
SInv    .            (no boots)
Will    .....        (no amulet)
Stlth   +            j - ring of resist corrosion
HPRegen 0.25/turn    (no ring)
MPRegen 0.09/turn

%: no passive effects
@: lethally poisoned (-2 -> -30)
A: (nimble swimmer 2), mertail
a: no special abilities


You were on level 2 of the Dungeon.
You visited 1 branch of the dungeon, and saw 2 of its levels.

You collected 32 gold pieces.

Inventory:

Hand Weapons
 a - a +0 long sword (weapon)
Missiles
 d - 3 throwing nets (quivered)
 e - a javelin
Armour
 b - a +0 leather armour (worn)
 c - a +0 helmet (worn)
Jewellery
 j - a ring of resist corrosion (left hand)
Scrolls
 g - 3 scrolls of identify {unknown}
 h - a scroll of brand weapon {unknown}
Potions
 f - a potion of degeneration {unknown}
 i - 2 potions of enlightenment {unknown}


   Skills:
 + Level 2.5 Fighting
 + Level 4.6 Long Blades
 + Level 2.0 Throwing
 + Level 0.5 Armour
 + Level 5.1 Dodging
 + Level 0.4 Stealth


You had 3 spell levels left.
You didn't know any spells.
Your spell library was empty.

Dungeon Overview and Level Annotations

Branches:
Dungeon (2/15)

Altars:

Shops:
D:1 [


Innate Abilities, Weirdness & Mutations

((You are very nimble when in or above water. (Stealth+, EV+, Speed+++)))
Your lower body shifts to a powerful aquatic tail in water.


Message History

Found a stone staircase leading down.
Found a short sword.
There is a stone staircase leading down here.
A gnoll comes into view. It is wielding a +0 club.
A gnoll comes into view. It is wielding a +2 spear of venom.
The gnoll shouts!
A gnoll comes into view. It is wielding a +0 whip.
You slash the gnoll!
The gnoll is severely wounded.
The gnoll hits you with a +0 club.
You hit the gnoll.
The gnoll is severely wounded.
The gnoll hits you with a +0 club.
You slash the gnoll!
You kill the gnoll!
The gnoll barely misses you. The gnoll misses you.
The gnoll hits you with a +2 spear of venom.
You are poisoned.
Things that are here:
a +0 club; a gnoll corpse You slash the gnoll!
The gnoll is severely wounded.
You feel very sick. The gnoll hits you but does no damage.
You are more poisoned.
You hit the gnoll but do no damage.
The gnoll is severely wounded.
You feel very sick.
The gnoll hits you with a +2 spear of venom!
You are lethally poisoned!
You closely miss the gnoll.
The gnoll is severely wounded.
* * * LOW HITPOINT WARNING * * *
You feel very sick.
The gnoll hits you with a +2 spear of venom.
* * * LOW HITPOINT WARNING * * *
You are more poisoned.
You completely miss the gnoll.
The gnoll is severely wounded.
You die...

# #.#. .#...
....# #).. #.
#.. #.# ##.#
#### #.#
#..#####....#
#.#
#>....@gg...+
##### #.#
#.######....#
..... #.# #.#
...#
......#.###.#
###
......#..)..#
........#####
......#.#
##### #.#
#######.#
############


You could see 2 gnolls.

Vanquished Creatures
  Terence (D:2)
  A gnoll (D:2)
  An adder (D:2)
  3 endoplasms (D:1)
  4 giant cockroaches (D:1)
  A hobgoblin (D:1)
  2 quokkas (D:1)
  5 ball pythons
  2 bats
  A frilled lizard (D:1)
  4 kobolds
  5 rats (D:1)
30 creatures vanquished.

Notes
Turn   | Place    | Note
-------+----------+-------------------------------------------
     0 | D:1      | wildpjah the Merfolk Gladiator began the quest for the Orb.
     0 | D:1      | Reached XP level 1. HP: 16/16 MP: 1/1
    70 | D:1      | Found Vawn's Armour Shop.
   189 | D:1      | Reached XP level 2. HP: 22/22 MP: 2/2
   404 | D:1      | Reached XP level 3. HP: 28/28 MP: 3/3
   607 | D:2      | Reached skill level 5 in Dodging
   722 | D:2      | Noticed Terence
   735 | D:2      | Killed Terence
   736 | D:2      | Reached XP level 4. HP: 25/34 MP: 4/4
   788 | D:2      | Succumbed to a gnoll's poison

Illustrated notes

Levels and vault maps discovered:
D:1:      dpeg_arrival_concentric_ovals, layout_rooms, serial_shops, shop,
          minmay_misc_feat_plants, chequers_hall_statues_wall_a,
          minmay_misc_feat_nine_boxes
D:2:      layout_basic, serial_shops, shop, basic_altar,
          hellmonk_ecumenical_altar_watching_god, grunt_decor_mini_mirrors,
          serial_bayou_pond_c, uniq_terence

Skill      XL: |  1  2  3 |
---------------+----------+-----
Long Blades    | 4 |  4.6
Dodging        | 5 |  5.1
Fighting       | |  2.5
Throwing       | |  2.0
Armour         | |  0.5
Stealth        | |  0.4

Action                     |  1- 3 |  4- 6 || total
---------------------------+-------+-------++-------
  Melee: Long sword        |    84 |     7 ||    91
         Punch             |     1 |       ||     1
         Tailslap          |     2 |       ||     2
   Stab: Sleeping          |     1 |       ||     1
 Armour: Leather armour    |    38 |     6 ||    44
  Dodge: Dodged            |    64 |     2 ||    66

Table legend: (Time is in decaauts)
 A = Elapsed time spent in this place.
 B = Non-inter-level travel time spent in this place.
 C = Inter-level travel time spent in this place.
 D = Time resting spent in this place.
 E = Time spent auto-exploring this place.
 F = Levels seen in this place.
 G = Mean time per level.
                   A        B        C        D        E       F      G
               +--------+--------+--------+--------+--------+-----+--------+
         Total |    799 |    764 |     35 |      0 |    562 |   2 |  399.5 |
       Dungeon |    799 |    764 |     35 |      0 |    562 |   2 |  399.5 |
               +--------+--------+--------+--------+--------+-----+--------+

Top non-repeatable levels by time:
     D:1: 600 daAuts
     D:2: 198 daAuts
